 Dungeon Crawl Stone Soup version 0.30.1-11-g7821555f0a (webtiles) character file.

Game seed: 12755912416103466025

45 GimliDwarf the Grasshopper (level 3, 0/31 HPs)
             Began as a Gnoll Warper on Jan 4, 2024.
             Slain by a jackal (2 damage)
             ... on level 2 of the Dungeon.
             The game lasted 00:02:04 (1119 turns).

GimliDwarf the Grasshopper (Gnoll Warper)           Turns: 1119, Time: 00:02:05

Health: 0/31       AC:  3    Str: 10    XL:     3   Next: 64%
Magic:  7/9        EV: 13    Int: 12    God:
Gold:   99         SH:  0    Dex: 13    Spells: 10/12 levels left

rFire   + . .        a - +0 falchion
rCold   . . .        (no shield)
rNeg    . . .        b - +0 leather armour
rPois   .            (no helmet)
rElec   .            (no cloak)
rCorr   .            (no gloves)
SInv    .            (no boots)
Will    .....        j - amulet of the acrobat
Stlth   +            o - ring of protection from fire
HPRegen 0.25/turn    (no ring)
MPRegen 0.11/turn

%: acrobat
@: no status effects
A: fangs 1, strong nose, distributed training
a: no special abilities


You were on level 2 of the Dungeon.
You visited 1 branch of the dungeon, and saw 2 of its levels.

You collected 99 gold pieces.

Inventory:

Hand Weapons
 a - a +0 falchion (weapon)
Missiles
 d - 3 boomerangs of dispersal (quivered)
Armour
 b - a +0 leather armour (worn)
Jewellery
 j - an amulet of the acrobat (around neck)
 o - a ring of protection from fire (left hand)
Scrolls
 c - 2 scrolls of blinking
 f - 2 scrolls of fear {unknown}
 g - 2 scrolls of identify {unknown}
 k - a scroll of teleportation {unknown}
 l - a scroll of enchant armour {unknown}
 n - a scroll of vulnerability {unknown}
Potions
 e - a potion of brilliance {unknown}
 h - a potion of attraction {unknown}
 i - a potion of haste {unknown}
 m - 2 potions of degeneration {unknown}


   Skills:
 + Level 4.6 Fighting
 + Level 1.0 Short Blades
 + Level 4.6 Long Blades
 + Level 1.0 Axes
 + Level 1.0 Maces & Flails
 + Level 1.0 Polearms
 + Level 1.0 Staves
 + Level 1.0 Ranged Weapons
 + Level 2.6 Throwing
 + Level 2.6 Armour
 + Level 4.6 Dodging
 + Level 1.0 Stealth
 + Level 1.0 Shields
 + Level 1.0 Unarmed Combat
 + Level 5.0 Spellcasting
 + Level 0.7 Conjurations
 + Level 0.7 Hexes
 + Level 0.7 Summonings
 + Level 0.7 Necromancy
 + Level 5.4 Translocations
 + Level 0.7 Transmutations
 + Level 0.7 Fire Magic
 + Level 0.7 Ice Magic
 + Level 0.7 Air Magic
 + Level 0.7 Earth Magic
 + Level 0.7 Poison Magic
 + Level 1.0 Invocations
 + Level 1.0 Evocations


You had 10 spell levels left.
You knew the following spells:

 Your Spells              Type           Power      Damage    Failure   Level
a - Blink                 Tloc           32%        N/A       4%          2

Your spell library contained the following spells:

 Spells                   Type           Power      Damage    Failure   Level
 Lesser Beckoning         Tloc           32%        N/A       4%          2
 Teleport Other           Tloc           16%        N/A       9%          3
 Vhi's Electric Charge    Tloc/Air       20%        N/A       22%         3
 Manifold Assault         Tloc           16%        N/A       28%         4
 Passage of Golubria      Tloc           16%        N/A       28%         4
 Tukima's Dance           Hex            4%         N/A       52%         3
 Yara's Violent Unravell  Hex/Tmut       2%         3d3       99%         5


Dungeon Overview and Level Annotations

Branches:
Dungeon (2/15)

Altars:


Innate Abilities, Weirdness & Mutations

You have very sharp teeth.
Your uncanny sense of smell can sniff out nearby items.
Your experience applies equally to all skills.


Message History

You are no longer poisoned.
The jackal bites you.
* * * LOW HITPOINT WARNING * * *
The jackal misses you. The jackal closely misses you.
Casting: Blink (safe; 4% risk of failure)
Confirm with . or Enter, or press ? or * to list all spells.
You are still too unstable to blink.
You hit the dart slug but do no damage. You bite the dart slug.
The dart slug is lightly wounded.
The jackal bites you.
* * * LOW HITPOINT WARNING * * *
The jackal bites you.
* * * LOW HITPOINT WARNING * * *
You hit the dart slug.
The dart slug is lightly wounded.
The jackal barely misses you. The jackal closely misses you.
The dart slug bites you.
* * * LOW HITPOINT WARNING * * *
The jackal closely misses you. x2
You hit the dart slug.
The dart slug is moderately wounded.
The jackal barely misses you. The jackal closely misses you.
The dart slug barely misses you.
You hit the dart slug.
The dart slug is severely wounded.
You feel stable enough to blink again.
The jackal bites you but does no damage. x2
The jackal barely misses you. The dart slug launches a dart at you.
The slug dart misses you.
The slug dart misses the jackal.
The jackal bites you.
* * * LOW HITPOINT WARNING * * *
You barely miss the dart slug.
The dart slug is severely wounded.
The jackal closely misses you. The jackal barely misses you.
Unknown command.
You hit the dart slug. You punch the dart slug.
You kill the dart slug!
The jackal barely misses you. The jackal bites you.
You die...

##...^####...#
##._^.#.....#
#.^.....##.##
#....####..#
##.##..###.†##
#..###.##....# #
..## #.##.##.####
#.#.
.#####.#..##..Sh##
..... ....)....#
####h@##....#
.#....#..# ##.†).#
......#.. ###..#
..#...#.# ..!.#
.##...#.# .##.#
###.....# .# #
####.## ## ##..#
####..###..#


You could see an adder and 2 jackals.

Vanquished Creatures
  An adder (D:2)
  2 dart slugs (D:2)
  An orc (D:2)
  A ball python (D:1)
  3 endoplasms
  3 giant cockroaches
  3 goblins (D:1)
  4 hobgoblins
  2 jackals (D:2)
  3 kobolds (D:1)
  2 quokkas (D:1)
  A frilled lizard (D:1)
  3 rats
29 creatures vanquished.

Notes
Turn   | Place    | Note
-------+----------+-------------------------------------------
     0 | D:1      | GimliDwarf the Gnoll Warper began the quest for the Orb.
     0 | D:1      | Reached XP level 1. HP: 20/20 MP: 6/6
   209 | D:1      | Reached XP level 2. HP: 21/26 MP: 7/7
   760 | D:2      | Found a faded altar of an unknown god.
   766 | D:2      | Reached skill level 5 in Spellcasting
   766 | D:2      | Reached XP level 3. HP: 31/31 MP: 7/9
   769 | D:2      | Learned a level 2 spell: Blink
   898 | D:2      | Reached skill level 1 in Invocations
  1110 | D:2      | Reached skill level 1 in Short Blades
  1110 | D:2      | Reached skill level 1 in Axes
  1110 | D:2      | Reached skill level 1 in Maces & Flails
  1110 | D:2      | Reached skill level 1 in Polearms
  1110 | D:2      | Reached skill level 1 in Staves
  1110 | D:2      | Reached skill level 1 in Ranged Weapons
  1110 | D:2      | Reached skill level 1 in Stealth
  1110 | D:2      | Reached skill level 1 in Shields
  1110 | D:2      | Reached skill level 1 in Unarmed Combat
  1110 | D:2      | Reached skill level 1 in Evocations
  1117 | D:2      | HP: 1/31 [jackal (3)]
  1119 | D:2      | Slain by a jackal

Illustrated notes

Levels and vault maps discovered:
D:1:      dpeg_arrival_tiny_k, layout_basic
D:2:      layout_rooms, ebering_ecumenical_altar_webs, corexii_leaking_fountain,
          kennysheep_generic_room_11

Skill      XL: |  1  2  3 |
---------------+----------+-----
Spellcasting   | 5 |  5.0
Invocations    | 1 |  1.0
Short Blades   | 1 |  1.0
Axes           | 1 |  1.0
Maces & Flails | 1 |  1.0
Polearms       | 1 |  1.0
Staves         | 1 |  1.0
Ranged Weapons | 1 |  1.0
Stealth        | 1 |  1.0
Shields        | 1 |  1.0
Unarmed Combat | 1 |  1.0
Evocations     | 1 |  1.0
Fighting       | |  4.6
Long Blades    | |  4.6
Throwing       | |  2.6
Armour         | |  2.6
Dodging        | |  4.6
Conjurations   | |  0.7
Hexes          | |  0.7
Summonings     | |  0.7
Necromancy     | |  0.7
Translocations | |  5.4
Transmutations | |  0.7
Fire Magic     | |  0.7
Ice Magic      | |  0.7
Air Magic      | |  0.7
Earth Magic    | |  0.7
Poison Magic   | |  0.7

Action                     || total
---------------------------++-------
  Melee: Falchion          ||   113
         Bite              ||    10
         Punch             ||     2
  Throw: Boomerang         ||     4
   Cast: Blink             ||     1
   Stab: Distracted        ||     1
         Sleeping          ||     1
 Armour: Leather armour    ||    22
  Dodge: Dodged            ||    85
